 Dungeon Crawl Stone Soup version 0.26.1-11-gd32895ea62 (webtiles) character file.

Game seed: 14726212746196466107

49 nothank2 the Grave Robber (level 3, -4/24 HPs)
             Began as a Demonspawn Necromancer on July 16, 2021.
             Slain by a water moccasin skeleton (5 damage)
             ... on level 2 of the Dungeon.
             The game lasted 00:04:07 (1904 turns).

nothank2 the Grave Robber (Demonspawn Necromancer)  Turns: 1904, Time: 00:04:08

Health: -4/24      AC:  2    Str:  8    XL:     3   Next: 53%
Magic:  6/6        EV: 12    Int: 17    God:
Gold:   76         SH:  0    Dex: 19    Spells: 5/7 levels left

rFire    . . .     SeeInvis .   c - +0 hand axe (vorpal)
rCold    . . .     Faith    .   (no shield)
rNeg     . . .     Spirit   .   a - +0 robe
rPois    .         Reflect  .   (no helmet)
rElec    .         Harm     .   (no cloak)
rCorr    .         Rampage  .   (no gloves)
Will     +....                  (no boots)
Stlth    ++........             (no amulet)
HPRegen  0.08/turn              d - ring of willpower
MPRegen  0.10/turn              f - +6 ring of dexterity

@: no status effects
A: claws 1
a: no special abilities


You were on level 2 of the Dungeon.
You visited 1 branch of the dungeon, and saw 2 of its levels.

You collected 76 gold pieces.

Inventory:

Hand Weapons
 b - a +0 club
 c - a +0 vorpal hand axe (weapon)
Armour
 a - a +0 robe (worn)
Jewellery
 d - a ring of willpower (left claw)
 f - a +6 ring of dexterity (right claw)
 h - an uncursed ring of protection from cold
Scrolls
 e - 2 scrolls of identify {unknown}
 g - a scroll of teleportation {unknown}
 i - 2 scrolls of enchant weapon {unknown}
 j - a scroll of remove curse {unknown}


   Skills:
 - Level 1.7 Dodging
 - Level 1.7 Stealth
 + Level 2.6 Spellcasting
 * Level 5.4 Necromancy


You had 5 spell levels left.
You knew the following spells:

 Your Spells              Type           Power        Failure   Level
a - Pain                  Necr           80%          1%          1
b - Animate Skeleton      Necr           40%          1%          1

Your spell library contained the following spells:

 Spells                   Type           Power        Failure   Level
 Vampiric Draining        Necr           10%          6%          3
 Animate Dead             Necr           10%          19%         4
 Agony                    Necr           20%          47%         5


Dungeon Overview and Level Annotations

Branches:
Dungeon (2/15)

Altars:


Innate Abilities, Weirdness & Mutations

You have sharp fingernails.


Message History

You hit the water moccasin skeleton.
The water moccasin skeleton is heavily damaged.
The water moccasin skeleton bites you.
You hit the water moccasin skeleton.
The water moccasin skeleton is severely damaged.
The water moccasin skeleton bites you!
* * * LOW HITPOINT WARNING * * *
The water moccasin skeleton closely misses you.
You hit the water moccasin skeleton.
The water moccasin skeleton is almost destroyed.
The water moccasin skeleton bites you.
* * * LOW HITPOINT WARNING * * *
You closely miss the water moccasin skeleton.
The water moccasin skeleton is almost destroyed.
The water moccasin skeleton misses you.
The water moccasin skeleton barely misses you.
You hit the water moccasin skeleton.
The water moccasin skeleton is almost destroyed.
The water moccasin skeleton bites you.
You die...

.##
.....#####
#.....Z@#
#.#.###.#
#.###.#
#)....#
####..#
#.####..#
#.......#
######.##
#.#


You could see a water moccasin skeleton.

Vanquished Creatures
  An adder (D:2)
  An ooze (D:1)
  3 dart slugs (D:1)
  3 bats (D:1)
  2 giant cockroaches (D:1)
  3 goblins (D:1)
  4 hobgoblins (D:1)
  6 kobolds
  A frilled lizard (D:1)
  7 rats (D:1)
31 creatures vanquished.

Notes
Turn   | Place    | Note
-------+----------+-------------------------------------------
     0 | D:1      | nothank2 the Demonspawn Necromancer began the quest for the
                  | Orb.
     0 | D:1      | Reached XP level 1. HP: 13/13 MP: 3/3
   383 | D:1      | Gained mutation: You have sharp fingernails. [demonic
                  | ancestry]
   383 | D:1      | Reached XP level 2. HP: 15/19 MP: 0/5
   716 | D:1      | Reached skill level 5 in Necromancy
  1057 | D:1      | Reached XP level 3. HP: 19/24 MP: 1/6
  1641 | D:1      | Learned a level 1 spell: Animate Skeleton
  1902 | D:2      | HP: 1/24 [water moccasin skeleton (4)]
  1904 | D:2      | Slain by a water moccasin skeleton

Illustrated notes

Levels and vault maps discovered:
D:1:      eino_arrival_water_star, layout_basic, minmay_tromino_mix6
D:2:      layout_loops_corners, nicolae_qazlal_style_of_elements,
          minmay_tripent, uniq_robin

Skill      XL: |  1  2 |
---------------+-------+-----
Necromancy     | 5 |  5.4
Dodging        | |  1.7
Stealth        | |  1.7
Spellcasting   | |  2.6

Action                   || total
-------------------------++-------
Melee: Hand axe          ||    17
 Cast: Pain              ||    58
       Animate Skeleton  ||     3
 Stab: Sleeping          ||     1
Armor: Robe              ||     3
Dodge: Dodged            ||    13
